 Dungeon Crawl Stone Soup version 0.24-a0-784-g601f8f6d22 (webtiles) character file.

Game seed: 9396729737150298821, levelgen mode: deterministic

11291 MalarOregon the Fighter (level 11, -3/99 HPs)
             Began as a Red Draconian Earth Elementalist on Oct 9, 2019.
             Was an Initiate of Gozag.
             Slain by Snorg (5 damage)
             ... on level 10 of the Dungeon.
             The game lasted 00:31:51 (13098 turns).

MalarOregon the Fighter (DrEE)                     Turns: 13098, Time: 00:31:51

Health: -3/99      AC: 12    Str: 15    XL:     11   Next: 47%
Magic:  3/20       EV: 15    Int: 25    God:    Gozag
Gold:   436        SH:  0    Dex: 11    Spells: 7/22 levels left

rFire    + . .     SeeInvis .   a - +2 short sword (drain)
rCold    . . .     Gourm    .   (no shield)
rNeg     . . .     Faith    .   (armour unavailable)
rPois    .         Spirit   .   f - +2 hat
rElec    .         Reflect  .   (no cloak)
rCorr    .         Harm     .   (no gloves)
MR       .....                  u - +2 pair of boots {run}
Stlth    ++........             y - amulet of regeneration
HPRegen  0.66/turn              q - +4 ring of strength
MPRegen  0.17/turn              A - +6 ring of intelligence

@: quick
A: breathe fire, unfitting armour, fire resistance 1, cold-blooded, AC +7
a: Breathe Fire, Potion Petition, Call Merchant, Bribe Branch, Renounce Religion


You were on level 10 of the Dungeon.
You worshipped Gozag.
Gozag was aware of your devotion.
You were not hungry.

You visited 2 branches of the dungeon, and saw 11 of its levels.
You also visited: Sewer.

You collected 1587 gold pieces.
You spent 1047 gold pieces at shops.
You paid 104 gold pieces to Gozag.

Inventory:

Hand Weapons
 a - a +2 short sword of draining (weapon)
   (You found it on level 7 of the Dungeon)
 b - a +2 dagger of freezing
   (You took it off a goblin on level 1 of the Dungeon)
 l - a +3 long sword
   (You took it off Harold on level 7 of the Dungeon)
 E - a +0 falchion of holy wrath
   (You found it on level 9 of the Dungeon)
Missiles
 c - 163 stones (quivered)
Armour
 f - a +2 hat (worn)
   (You found it on level 6 of the Dungeon)
 u - a +2 pair of boots of running (worn)
   (You bought it in a shop on level 7 of the Dungeon)
 F - a +0 cloak
   (You found it on level 9 of the Dungeon)
Jewellery
 i - an uncursed ring of protection from fire
   (You found it on level 6 of the Dungeon)
 k - an uncursed ring of flight
   (You took it off a hobgoblin on level 2 of the Dungeon)
 q - a +4 ring of strength (left hand)
   (You found it on level 4 of the Dungeon)
 y - an amulet of regeneration (around neck)
   (You found it on level 7 of the Dungeon)
 A - a +6 ring of intelligence (right hand)
   (You found it on level 6 of the Dungeon)
 C - an uncursed ring of protection from cold {unknown}
   (You found it on level 7 of the Dungeon)
Wands
 v - a wand of enslavement (11)
   (You found it on level 5 of the Dungeon)
 z - a wand of polymorph (14)
   (You found it on level 6 of the Dungeon)
Scrolls
 d - 2 scrolls of remove curse {@r2}
 g - 4 scrolls of blinking
 h - 4 scrolls of identify {@r1}
 p - 2 scrolls of enchant armour
 x - 3 scrolls of teleportation {@r4}
 D - a scroll of vulnerability {unknown}
 G - 2 scrolls of immolation {!r}
Potions
 j - 3 potions of brilliance
 m - 2 potions of lignification {!q}
 n - 4 potions of agility
 o - 8 potions of curing {@q1}
 r - 4 potions of flight
 s - 2 potions of magic
 t - 3 potions of heal wounds {@q2}
 w - 3 potions of mutation {!q}
 B - a potion of haste {@q3}
Comestibles
 e - 6 rations {!d}


   Skills:
 + Level 10.1 Fighting
 + Level 9.3 Short Blades
 + Level 7.5 Dodging
 - Level 1.7 Stealth
 + Level 6.2 Spellcasting
 + Level 6.5 Conjurations
 - Level 1.0 Transmutations
 - Level 5.0 Earth Magic


You had 7 spell levels left.
You knew the following spells:

 Your Spells              Type           Power        Failure   Level  Hunger
a - Sandblast             Erth           ####..       1%          1    None
b - Lee's Rapid Deconstr  Erth           ####......   26%         5    #####..
c - Petrify               Tmut/Erth      ###.....     21%         4    ###....
q - Passwall              Tmut/Erth      ###.....     3%          2    None
x - Stone Arrow           Conj/Erth      #####.       1%          3    None

Your spell library contained the following spells:

 Spells                   Type           Power        Failure   Level  Hunger
 Leda's Liquefaction      Hex/Erth       ###.......   26%         4    ###....
 Bolt of Magma            Conj/Fire/Erth ####......   38%         5    #####..
 Iron Shot                Conj/Erth      #####.....   71%         6    ######.
 Statue Form              Tmut/Erth      ###......    97%         6    ######.
 Shatter                  Erth           ####......   100%        9    #######


Dungeon Overview and Level Annotations

Branches:
Dungeon (10/15)            Temple (1/1) D:5            Lair (0/6) D:8
    Orc (0/2) D:9           Sewer (visited)

Altars:
Ashenzari
Cheibriados
Dithmenos
Elyvilon
Fedhas
Gozag
Hepliaklqana
Kikubaaqudgha
Makhleb
Nemelex Xobeh
Okawaru
Qazlal
Ru
Sif Muna
Trog
Uskayaw
Vehumet
Wu Jian
Xom
Yredelemnul
Zin
The Shining One
Beogh

Shops:
D:7 [   D:9 ?!%%:

Annotations:
D:3 exclusion: moth of wrath
D:10 Snorg


Innate Abilities, Weirdness & Mutations

You can breathe blasts of fire.
Your fiery red scales are hard. (AC +7)
You cannot fit into any form of body armour.
Your flesh is heat resistant. (rF+)
You are cold-blooded and may be slowed by cold attacks.


Message History

There is an open door here.
You are starving!
You need to eat something NOW!
You need to eat something NOW!
You need to eat something NOW!
You eat one of the 7 rations {!d}.
That ration really hit the spot!
You now have 417 gold pieces (gained 15).
You open the door.
There is an open door here.
You open the door.
There is an open door here.
There is an open door here.
You see here a +0 short sword.
You open the door.
There is an open door here.
Found 19 gold pieces.
You now have 436 gold pieces (gained 19).
No target in view!
You open the door.
Snorg the Insatiable comes into view.
Aim: Snorg (resting)
The stone arrow hits Snorg!
Snorg shouts!
Aim: Snorg (lightly wounded)
The stone arrow hits Snorg!
Snorg bites you. Snorg claws you but does no damage. x2
Aim: Snorg (moderately wounded)
The stone arrow hits Snorg!!
Snorg goes berserk!
Aim: Snorg (heavily wounded, berserk, fast, unusually strong)
The stone arrow hits Snorg!
Snorg bites you but does no damage. Snorg misses you. Snorg claws you.
Aim: Snorg (heavily wounded, berserk, fast, unusually strong)
The stone arrow hits Snorg!
Snorg misses you. Snorg closely misses you.
Snorg barely misses you. x2; Snorg claws you! x2
Aim: Snorg (severely wounded, berserk, fast, unusually strong)
The stone arrow hits Snorg!
Snorg bites you!! Snorg claws you!!
* * * LOW HITPOINT WARNING * * *
Snorg claws you!
* * * LOW HITPOINT WARNING * * *
Blink to where?
Okay, then.
Snorg barely misses you. Snorg claws you.
* * * LOW HITPOINT WARNING * * *
Snorg claws you.
* * * LOW HITPOINT WARNING * * *
Snorg misses you. Snorg claws you.
* * * LOW HITPOINT WARNING * * *
Snorg claws you.
You die...
Your body crumbles into a pile of gold.

###. ....... .... ......
..# #....# ####### ..#
#....# ....... ..# #....#
..... ..# #....# ...
..#########....##T########.
................@.........
.........................#
.........................#
..###########............#
..#.........#..#####.....#
..'.........#..# #.....#
..#.........#..# #.....###
..#.......###..#
#.......#8.#
..#.......#....#
#<......#..#..


You could see Snorg (berserk).

Vanquished Creatures
  Harold (D:7)
  Pikel (D:6)
  An elephant (D:8)
  A troll (D:9)
  2 hippogriffs
  17 yaks
  2 basilisks (D:8)
  A wyvern (D:10)
  Eustachio (D:4)
  A hungry ghost (D:8)
  8 orc warriors
  6 ice beasts
  2 black bears
  5 sky beasts
  5 ogres
  2 phantoms
  The ghost of flestrin the Magician, an amateur GnWz (D:3)
  A crocodile (D:10)
  3 big kobolds
  Blork the orc (D:6)
  A centaur (D:9)
  8 bullfrogs
  A water moccasin zombie (D:9)
  15 killer bees
  4 scorpions
  A howler monkey (D:10)
  4 crimson imps
  2 centaur zombies
  2 quasits
  A jelly (D:3)
  A bullfrog skeleton (D:4)
  5 orc priests
  2 centaur skeletons
  6 hounds
  Jessica (D:2)
  3 worker ants
  7 orc wizards
  An iguana (D:5)
  A hound zombie (D:9)
  A mummy (D:5)
  Robin (D:2)
  4 gnolls (D:3)
  A river rat (D:6)
  11 adders
  A shadow imp (D:9)
  2 oozes
  4 adder zombies
  3 adder skeletons
  3 worms
  6 leopard geckos
  31 orcs
  9 bats
  10 giant cockroaches
  13 goblins
  11 hobgoblins
  13 jackals
  25 kobolds
  A quokka (D:5)
  7 ball pythons
  10 frilled lizards
  A giant cockroach zombie (D:5)
  3 hobgoblin zombies (D:5)
  A jackal skeleton (D:3)
  An orc zombie (D:5)
  A quokka skeleton (D:7)
  15 rats
  2 plants (Sewer)
319 creatures vanquished.

Vanquished Creatures (others)
  A centaur (D:6)
1 creature vanquished.

Grand Total: 320 creatures vanquished

Notes
Turn   | Place    | Note
-------+----------+-------------------------------------------
     0 | D:1      | MalarOregon the Draconian Earth Elementalist began the
                  | quest for the Orb.
     0 | D:1      | Reached XP level 1. HP: 14/14 MP: 3/3
   203 | D:1      | Reached XP level 2. HP: 15/20 MP: 1/5
   391 | D:1      | You fall into a shaft and drop 1 floor!
   495 | D:2      | Noticed Robin
   540 | D:2      | HP: 1/20 [goblin[Robin] (6)]
   554 | D:2      | Killed Robin
   554 | D:2      | Reached XP level 3. HP: 2/26 MP: 0/7
   853 | D:2      | Learned a level 3 spell: Stone Arrow
  1291 | D:2      | Noticed Jessica
  1305 | D:2      | Killed Jessica
  1305 | D:2      | Reached skill level 1 in Conjurations
  1305 | D:2      | Reached XP level 4. HP: 24/33 MP: 0/8
  2420 | D:2      | Learned a level 2 spell: Passwall
  2691 | D:3      | Reached XP level 5. HP: 39/39 MP: 1/10
  2842 | D:3      | Noticed an ice beast
  2902 | D:3      | Reached skill level 1 in Fighting
  3158 | D:3      | Found a transporter.
  3159 | D:3      | Noticed flestrin's ghost (amateur GnWz)
  3160 | D:3      | Found a transporter.
  3257 | D:3      | Reached skill level 1 in Short Blades
  3366 | D:3      | Noticed a moth of wrath
  3369 | D:3      | Found a bloodstained altar of Trog.
  3736 | D:3      | Killed an ice beast
  3736 | D:3      | Reached XP level 6. HP: 39/48 MP: 1/11
  3887 | D:3      | Learned a level 5 spell: Lee's Rapid Deconstruction
  4239 | D:4      | Reached skill level 2 in Fighting
  4877 | D:4      | Your scales start taking on a fiery red colour.
  4877 | D:4      | Reached XP level 7. HP: 25/56 MP: 6/13
  4877 | D:4      | Gained mutation: Your flesh is heat resistant. (rF+) [Red
                  | Draconian growth]
  5372 | D:3      | Killed flestrin's ghost
  5372 | D:3      | Reached skill level 5 in Earth Magic
  5453 | D:5      | Entered Level 5 of the Dungeon
  5462 | D:5      | Reached skill level 3 in Fighting
  5969 | D:5      | Noticed Eustachio
  5991 | D:4      | Killed Eustachio
  5991 | D:4      | Reached skill level 4 in Fighting
  5991 | D:4      | Reached XP level 8. HP: 65/66 MP: 10/15
  6052 | D:5      | Found a staircase to the Ecumenical Temple.
  6073 | Temple   | Entered the Ecumenical Temple
  6252 | D:5      | Reached skill level 5 in Spellcasting
  6910 | D:6      | Noticed Blork the orc
  6997 | D:6      | Reached skill level 5 in Fighting
  7066 | D:6      | Found a glowing drain.
  7070 | Sewer    | Entered a sewer
  7109 | Sewer    | Reached skill level 5 in Conjurations
  7648 | D:6      | Noticed a hippogriff
  7659 | D:6      | Killed a hippogriff
  7659 | D:6      | Reached skill level 5 in Short Blades
  7727 | D:6      | Reached XP level 9. HP: 67/75 MP: 4/16
  7747 | D:6      | Killed Blork the orc
  7747 | D:6      | Reached skill level 6 in Fighting
  7808 | D:6      | Noticed Pikel
  7817 | D:6      | Killed Pikel
  8175 | D:7      | Learned a level 4 spell: Petrify
  8210 | D:7      | Reached skill level 7 in Fighting
  8458 | D:7      | Found an ancient bone altar of Kikubaaqudgha.
  8508 | D:7      | Found a shimmering blue altar of Sif Muna.
  8509 | D:7      | Found an opulent altar of Gozag.
  8509 | D:7      | Found a radiant altar of Vehumet.
  8510 | D:7      | Found a blossoming altar of Fedhas.
  8517 | D:7      | Became a worshipper of Gozag Ym Sagoz the Greedy
  8741 | D:7      | Noticed Harold
  9248 | D:7      | Found Amavax's Antique Armour Shoppe.
  9251 | D:7      | Bought a pair of glowing boots for 202 gold pieces
  9256 | D:7      | Identified a +2 pair of boots of running (You bought it in
                  | a shop on level 7 of the Dungeon)
  9390 | D:7      | Killed Harold
  9390 | D:7      | Reached skill level 8 in Fighting
  9390 | D:7      | Reached skill level 5 in Dodging
  9390 | D:7      | Reached XP level 10. HP: 29/88 MP: 2/17
 10619 | D:8      | Found a staircase to the Lair.
 10619 | D:8      | Noticed an elephant
 10677 | D:8      | Killed an elephant
 10677 | D:8      | Reached skill level 9 in Fighting
 11083 | D:9      | Found Gataku's Magic Scroll Emporium.
 11177 | D:9      | Found Wufrut's Food Shoppe.
 11287 | D:9      | Found Ynonuhar's Book Shop.
 11496 | D:9      | Found Gikue's Food Emporium.
 11742 | D:9      | Reached XP level 11. HP: 65/97 MP: 3/19
 11746 | D:9      | Found Fiedurho's Distillery.
 11962 | D:9      | Found a staircase to the Orcish Mines.
 11974 | D:9      | Found a roughly hewn altar of Beogh.
 12198 | D:9      | Bought a book of the Earth for 845 gold pieces
 12216 | D:10     | Entered Level 10 of the Dungeon
 12819 | D:10     | Reached skill level 10 in Fighting
 13091 | D:10     | Noticed Snorg
 13098 | D:10     | HP: 3/99 [Snorg (6)]
 13098 | D:10     | Slain by Snorg

Levels and vault maps discovered:
D:1:      minmay_arrival_up_and_down, layout_loops_cross, st_stairs_6,
          corexii_corridor_pit
D:2:      layout_loops_ring, grunt_ministairs_6, minmay_lizard_king, uniq_robin,
          uniq_jessica
D:3:      layout_basic, tgw_trog, gammafunk_ghost_mausoleum
D:4:      layout_basic, first_ration
D:5:      layout_basic, minmay_temple_entry_gardened_gates, st_stairs_8,
          minmay_mini_ossuary, uniq_eustachio
D:6:      layout_rooms, gup_sewer_entry_bowl, uniq_blork_the_orc, uniq_pikel
D:7:      layout_loops_corners, minitemple, serial_shops, kennysheep_mini,
          uniq_harold
D:8:      layout_rooms, david_lair_generic
D:9:      layout_basic, minmay_orc_entry_temple_small, serial_shops, shop, shop,
          nicolae_shop_stone, nicolae_shop_behind_doors, kennysheep_mini_moat
D:10:     layout_irregular_city, grunt_livestock, chequers_serial_rivers_marsh,
          chequers_decorated_corner, kennysheep_island_fort, uniq_snorg
Temple:   nicolae_temple_x_marks_the_god

Skill      XL: |  1  2  3  4  5  6  7  8  9 10 11 |
---------------+----------------------------------+-----
Spellcasting   | 3 4 5 6 |  6.2
Conjurations   | 1 2 3 4 5 6 |  6.5
Earth Magic    | 4 5 |  5.0
Fighting       | 1 2 4 5 8 9 10 | 10.1
Short Blades   | 1 2 3 5 7 8 9 |  9.3
Dodging        | 2 5 6 7 |  7.5
Stealth        | |  1.7
Transmutations | |  1.0

Action                   |  1- 3 |  4- 6 |  7- 9 | 10-12 || total
-------------------------+-------+-------+-------+-------++-------
Melee: Dagger            |    53 |   217 |   327 |       ||   597
       Tailslap          |     4 |    12 |    55 |    68 ||   139
       Short sword       |       |       |    17 |   511 ||   528
Throw: Stone             |       |       |     1 |       ||     1
 Cast: Sandblast         |    32 |    31 |    61 |    26 ||   150
       Stone Arrow       |       |    24 |    54 |    88 ||   166
       Lee's Rapid Decon |       |     2 |       |     1 ||     3
 Abil: Breathe Fire      |       |       |    14 |     1 ||    15
       Evoke Berserk Rag |       |       |     1 |       ||     1
  Use: Potion            |       |     2 |     1 |       ||     3
       Scroll            |       |       |    21 |       ||    21
 Stab: Sleeping          |     6 |     6 |     4 |     2 ||    18
       Distracted        |       |       |       |     1 ||     1
  Eat: Chunk             |     1 |    12 |    10 |       ||    23
       Ration            |       |     1 |     3 |     5 ||     9
Armor: Skin              |    29 |    82 |    99 |   166 ||   376
Dodge: Dodged            |    52 |   151 |   229 |   338 ||   770

Table legend:
 A = Non-vault XP
 B = Vault XP
 C = Vault XP percentage of total XP
 D = Non-vault monster count
 E = Vault monster count
 F = Vault count percentage of total count
                 A         B        C        D         E       F
            +---------+---------+-------+---------+---------+-------
      Total |   12122 |    4009 |  24.9 |     240 |      77 |  24.3
            +---------+---------+-------+---------+---------+-------
        D:1 |      27 |       1 |   3.6 |      19 |       1 |   5.0
        D:2 |      52 |      73 |  58.4 |      24 |      14 |  36.8
        D:3 |     334 |     131 |  28.2 |      27 |       9 |  25.0
        D:4 |     547 |     185 |  25.3 |      22 |       1 |   4.3
        D:5 |     472 |     199 |  29.7 |      11 |       8 |  42.1
        D:6 |     797 |     766 |  49.0 |      14 |       4 |  22.2
        D:7 |    1476 |     997 |  40.3 |      25 |       1 |   3.8
        D:8 |    1492 |    1238 |  45.3 |      18 |       6 |  25.0
        D:9 |    2612 |     282 |   9.7 |      45 |       9 |  16.7
       D:10 |    4313 |       0 |   0.0 |      35 |       0 |   0.0
      Sewer |       0 |     137 | 100.0 |       0 |      24 | 100.0
            +---------+---------+-------+---------+---------+-------
